 Dungeon Crawl Stone Soup version 0.23.2-30-g0e89c35649 (webtiles) character file.

Game seed: 5795917775753535133

83 MalarOregon the Ruffian (level 4, 0/38 HPs)
             Began as a Ghoul Warper on June 17, 2019.
             Slain by a centaur skeleton (7 damage)
             ... on level 4 of the Dungeon on June 18, 2019.
             The game lasted 00:04:30 (3460 turns).

MalarOregon the Ruffian (Ghoul Warper)              Turns: 3460, Time: 00:04:30

Health: 0/38       AC:  3    Str: 14    XL:     4   Next: 44%
Magic:  6/6        EV: 11    Int:  9    God:
Gold:   218        SH:  0    Dex:  8    Spells: 7/7 levels left

rFire    . . .     SeeInvis .     - Unarmed
rCold    + . .     Gourm    .   (no shield)
rNeg     + + +     Faith    .   a - +0 leather armour
rPois    ∞         Spirit   .   (no helmet)
rElec    .         Reflect  .   (no cloak)
rCorr    .         Harm     .   (no gloves)
MR       .....                  (no boots)
Stlth    +.........             (no amulet)
HPRegen  0.00/turn              (no ring)
MPRegen  0.10/turn              (no ring)

@: rotting
A: rotting body, claws 1, carnivore, cold resistance 1, negative energy
resistance 3, inhibited regeneration, torment resistance, unbreathing
a: no special abilities


You were on level 4 of the Dungeon.
You were not hungry.

You visited 1 branch of the dungeon, and saw 4 of its levels.

You collected 218 gold pieces.

Inventory:

Missiles
 d - 5 tomahawks of dispersal (quivered) {!f}
Armour
 a - a +0 leather armour (worn)
Jewellery
 q - a cursed ring of attention {unknown}
   (You found it on level 3 of the Dungeon)
 r - an uncursed amulet of regeneration {unknown}
   (You found it on level 3 of the Dungeon)
 u - an uncursed ring of protection from cold {unknown}
   (You found it on level 4 of the Dungeon)
Scrolls
 c - a scroll of blinking
 f - 4 scrolls of teleportation {unknown}
 g - 2 scrolls of immolation {unknown}
 h - a scroll of magic mapping {unknown}
 i - 2 scrolls of fear {unknown}
 k - 2 scrolls of identify {unknown}
 m - 2 scrolls of noise {unknown}
 n - 3 scrolls of remove curse {unknown}
 o - a scroll of random uselessness {unknown}
 p - 3 scrolls of enchant weapon {unknown}
Potions
 b - a potion of lignification {unknown}
 j - a potion of haste {unknown}
 l - 2 potions of flight {unknown}
 s - a potion of berserk rage {unknown}
 t - 2 potions of curing {unknown}
Comestibles
 e - 3 rations {!d}


   Skills:
 + Level 3.1 Fighting
 - Level 0.8 Throwing
 - Level 0.8 Armour
 - Level 1.7 Dodging
 * Level 3.8 Unarmed Combat
 + Level 2.4 Spellcasting
   Level 2.6 Translocations


You had 7 spell levels left.
You didn't know any spells.
Your spell library contained the following spells:

 Spells                   Type           Power        Failure   Level  Hunger
 Blink                    Tloc           N/A          21%         2    ###....
 Shroud of Golubria       Chrm/Tloc      #.........   34%         2    ###....
 Gell's Gravitas          Tloc           #.........   36%         3    ####...
 Lesser Beckoning         Tloc           #.........   36%         3    ####...
 Teleport Other           Tloc           #.......     36%         3    ####...
 Passage of Golubria      Tloc           N/A          78%         4    #####..


Dungeon Overview and Level Annotations

Branches:
Dungeon (4/15)
 Temple: D:4-7

Altars:
Ashenzari
Cheibriados
Dithmenos
Elyvilon


Innate Abilities, Weirdness & Mutations

Your body is rotting away.
You thrive on raw meat.
You are immune to poison.
You have sharp fingernails.
You are carnivorous and can eat meat at any time.
Your flesh is cold resistant. (rC+)
You are immune to negative energy. (rN+++)
You do not regenerate when monsters are visible.
You are immune to unholy pain and torment.
You can survive without breathing.


Message History

There is a stone staircase leading up here.
An adder skeleton comes into view.
You barely miss the adder skeleton. The adder skeleton bites you.
You claw the adder skeleton! The adder skeleton closely misses you.
You scratch the adder skeleton. The adder skeleton barely misses you.
You scratch the adder skeleton.
You destroy the adder skeleton!
Found 14 gold pieces.
A leopard gecko comes into view.
The leopard gecko hisses angrily.
You see here 14 gold pieces.
A leopard gecko skeleton comes into view.
The leopard gecko bites you.
You scratch the leopard gecko. The leopard gecko bites you.
You barely miss the leopard gecko. The leopard gecko closely misses you.
You miss the leopard gecko. The leopard gecko misses you.
You claw the leopard gecko!
You kill the leopard gecko!
You scratch the leopard gecko skeleton but do no damage.
The leopard gecko skeleton barely misses you.
You closely miss the leopard gecko skeleton.
The leopard gecko skeleton closely misses you.
You claw the leopard gecko skeleton!
You destroy the leopard gecko skeleton!
No target in view!
You now have 218 gold pieces (gained 14).
You start resting.
You open the door.
A centaur skeleton comes into view.
The centaur skeleton misses you.
There is an open door here.
You scratch the centaur skeleton but do no damage.
The centaur skeleton hits you.
You claw the centaur skeleton! The centaur skeleton barely misses you.
You scratch the centaur skeleton. The centaur skeleton hits you.
You scratch the centaur skeleton.
The centaur skeleton hits you but does no damage.
The centaur skeleton hits you.
You scratch the centaur skeleton. The centaur skeleton hits you.
You scratch the centaur skeleton but do no damage.
The centaur skeleton hits you!
* * * LOW HITPOINT WARNING * * *
You scratch the centaur skeleton.
The centaur skeleton closely misses you.
You scratch the centaur skeleton. The centaur skeleton hits you.
* * * LOW HITPOINT WARNING * * *
The centaur skeleton hits you!
* * * LOW HITPOINT WARNING * * *
You scratch the centaur skeleton. The centaur skeleton hits you!
You die...

#.....#####.# #........#..
#.....# #.# #........#.(
#....)# #.# #.....#..#..
.......# #.# #.....#..#..
.......#####.######.#.##..#..
. ...............#.###.#..
....#####.######.#.# #....
#............# #.#[# ##...
....#####@##.# #.#.####... #
#..Z.....#.#.##.....
#........#.#.##.##..
#........#.#.##.....
.........#.#.......>
#+###.....# #.#......
##.#.###...###.. .#.##....#
#.. #....# #..


You could see a centaur skeleton.

Vanquished Creatures
  2 adders
  An adder skeleton (D:4)
  4 worms
  A dart slug (D:1)
  A leopard gecko (D:4)
  An orc (D:3)
  3 giant cockroaches
  3 goblins
  11 jackals
  5 bats
  3 frilled lizards
  5 kobolds
  A leopard gecko skeleton (D:4)
  6 rats
47 creatures vanquished.

Notes
Turn   | Place    | Note
-------+----------+-------------------------------------------
     0 | D:1      | MalarOregon the Ghoul Warper began the quest for the Orb.
     0 | D:1      | Reached XP level 1. HP: 17/17 MP: 2/2
   467 | D:1      | Reached XP level 2. HP: 25/25 MP: 3/3
  1428 | D:2      | Reached XP level 3. HP: 28/28 MP: 5/5
  1648 | D:2      | Found a snail-covered altar of Cheibriados.
  2357 | D:3      | Reached XP level 4. HP: 30/37 MP: 6/6
  3316 | D:4      | Found a shadowy altar of Dithmenos.
  3318 | D:4      | Found a shattered altar of Ashenzari.
  3320 | D:4      | Found a white marble altar of Elyvilon.
  3460 | D:4      | Slain by a centaur skeleton

Skill      XL: |  1  2  3  4 |
---------------+-------------+-----
Spellcasting   | 2 |  2.4
Unarmed Combat | 3 |  3.8
Fighting       | 3 |  3.1
Throwing       | |  0.8
Armour         | |  0.8
Dodging        | |  1.7
Translocations | |  2.6

Action                   |  1- 3 |  4- 6 || total
-------------------------+-------+-------++-------
Melee: Unarmed           |   139 |    54 ||   193
       Punch             |     1 |     1 ||     2
  Eat: Chunk             |    13 |     2 ||    15
Armor: Leather armour    |    34 |     9 ||    43
Dodge: Dodged            |   112 |    19 ||   131
